 Dungeon Crawl Stone Soup version 0.19-a0-593-gf2cdb02 (webtiles) character file.

52 mistymad the Vexing (level 3, -5/25 HPs)
             Began as a Vampire Enchanter on June 11, 2016.
             Slain by an ogre
             ... wielding a cursed -2 giant club
              (13 damage)
             ... on level 3 of the Dungeon.
             The game lasted 00:02:17 (1824 turns).

mistymad the Vexing (Vampire Enchanter)             Turns: 1824, Time: 00:02:17

Health: -5/25      AC:  4    Str:  7    XL:     3   Next: 60%
Magic:  1/6        EV: 13    Int: 17    God:
Gold:   77         SH:  0    Dex: 15    Spells: 3 memorised, 0 levels left

rFire  . . .     SeeInvis +     a - +1 dagger
rCold  + . .     Gourm    .     b - +1 robe
rNeg   + + .     Faith    .     (no shield)
rPois  +         Spirit   .     (no helmet)
rElec  .         Dismiss  .     m - +0 cloak
rCorr  .         Reflect  .     (no gloves)
SustAt .         Harm     .     (no boots)
MR     .....                    (no amulet)
Stlth  +++.......               (no ring)
                                (no ring)

@: regenerating slowly, not resistant to hostile enchantments, fairly stealthy
A: fangs 3, see invisible, unbreathing
a: Bat Form


You were on level 3 of the Dungeon.
You were very thirsty.

You visited 1 branch of the dungeon, and saw 3 of its levels.

You collected 77 gold pieces.

Inventory:

Hand Weapons
 a - a +1 dagger (weapon)
Armour
 b - a +1 robe (worn)
 m - a +0 cloak (worn)
Scrolls
 g - a scroll of identify {unknown}
 h - a scroll of teleportation {unknown}
 j - 4 scrolls of remove curse {unknown}
 l - a scroll of random uselessness {unknown}
 n - a scroll of fog {unknown}
Potions
 d - 10 potions of blood
 e - a potion of lignification {unknown}
 f - 3 potions of degeneration {unknown}
 i - a potion of mutation {unknown}
 k - a potion of resistance {unknown}
Books
 c - a book of Maledictions

   Spells                             Type                      Level
   a - Corona                         Hexes                        1
   b - Ensorcelled Hibernation        Hexes/Ice                    2
   c - Confuse                        Hexes                        3
   d - Tukima's Dance                 Hexes                        3
   e - Dazzling Spray                 Conjuration/Hexes            3


   Skills:
 + Level 0.8 Fighting
 + Level 1.7 Short Blades
 + Level 2.8 Dodging
 + Level 4.9 Stealth
 + Level 2.2 Spellcasting
 + Level 4.9 Hexes


You couldn't memorise any spells.
You knew the following spells:

 Your Spells              Type           Power        Failure   Level  Hunger
a - Corona                Hex            ###....      2%          1    #......
b - Ensorcelled Hibernat  Hex/Ice        ##....       12%         2    ###....
c - Confuse               Hex            ###.....     10%         3    ###....


Dungeon Overview and Level Annotations

Branches:
Dungeon (3/15)

Altars:


Innate Abilities, Weirdness & Mutations

You heal slowly.
You have razor-sharp teeth.
You have supernaturally acute eyesight. (SInv)
You can survive without breathing.


Message History

Aim: an ogre, wielding a giant club (chance to defeat MR: 41%)
The ogre looks drowsy...
You now have 4/6 mp.
The helpless ogre fails to defend itself.
You bite the ogre, and draw its blood!
You feel slightly less thirsty.
You impale the ogre!!
The ogre is severely wounded.
The ogre hits you with a giant club!
Ouch! That really hurt!
You take 17 damage, and have 8/25 hp.
MASSIVE DAMAGE!!
Casting: Ensorcelled Hibernation
Confirm with . or Enter, or press ? or * to list all spells.
Aiming: Confuse
Press: ? - help, Shift-Dir - straight line, f/p - ogre
Aim: an ogre, wielding a giant club (severely wounded, chance to defeat MR: 49%)
The ogre resists with some effort.
The orc shouts!
The ogre hits you with a giant club!
Ouch! That really hurt!
You die...

...$.. .. #
..#...## .#.#
......#####.#.#
#...#.#...(...#
#.....#....##
#........#..#
##.#.#.#.#.....##
#................
.o.#.#@#.###..##.
#.O.#.###...##
#o....#...#....##
#..#..#..##.......#
## #..##. ###...#.#
#.. ##. #...#.###
.. . #.#.....####
... .. #.#.........
#...........


You could see an ogre and an orc.

Vanquished Creatures
  An adder (D:2)
  2 worms (D:2)
  A dart slug (D:2)
  A giant gecko (D:2)
  3 giant cockroaches
  5 goblins
  7 hobgoblins
  A ball python (D:1)
  3 bats (D:1)
  A giant newt (D:2)
  2 kobolds
  7 rats
34 creatures vanquished.

Notes
Turn   | Place    | Note
--------------------------------------------------------------
     0 | D:1      | mistymad the Vampire Enchanter began the quest for the Orb.
     0 | D:1      | Reached XP level 1. HP: 13/13 MP: 3/3
   785 | D:1      | Reached XP level 2. HP: 13/19 MP: 3/5
  1248 | D:2      | Reached XP level 3. HP: 25/25 MP: 6/6
  1252 | D:2      | Learned a level 2 spell: Ensorcelled Hibernation
  1256 | D:2      | Learned a level 3 spell: Confuse
  1819 | D:3      | Noticed an ogre
  1824 | D:3      | Slain by an ogre

Vault maps used:
D:1:      dpeg_arrival_tiny_a
D:3:      first_bread, kennysheep_minor_cross, kennysheep_pointless_box

Action                   || total
-------------------------++-------
Melee: Dagger            ||    88
       Bite              ||     9
 Cast: Corona            ||     9
       Ensorcelled Hiber ||     4
       Confuse           ||     1
 Stab: Sleeping          ||    20
Armor: Robe              ||    21
Dodge: Dodged            ||    41
